 Dungeon Crawl Stone Soup version 0.17.0-23-g0de4337 (webtiles) character file.

66 JudasIscariot the Skirmisher (level 3, -7/29 HPs)
             Began as a Demonspawn Fighter on Nov 14, 2015.
             Killed by divine providence
             ... invoked by an orc priest
              (12 damage)
             ... on level 3 of the Dungeon.
             The game lasted 00:04:36 (2152 turns).

JudasIscariot the Skirmisher (Demonspawn Fighter)   Turns: 2152, Time: 00:04:37

Health: -7/29      AC: 10    Str: 17    XL:     3   Next: 96%
Magic:  12/12      EV:  7    Int:  9    God:
Gold:   58         SH:  9    Dex: 12    Spells: 0 memorised, 2 levels left

rFire  . . .     SeeInvis .     a - +0 war axe
rCold  . . .     Clarity  .     b - +0 scale mail
rNeg   . . .     SustAt   .     c - +0 shield
rPois  .         Gourm    .     p - +0 helmet
rElec  .         Spirit   .     (no cloak)
rCorr  .         Warding  .     (no gloves)
rMut   .         Stasis   .     (no boots)
MR     .....                    (no amulet)
Stlth  ..........               (no ring)
                                g - ring of magical power

@: not resistant to hostile enchantments, extremely unstealthy
A: slimy green scales 1
a: no special abilities


You were on level 3 of the Dungeon.
You were not hungry.

You visited 1 branch of the dungeon, and saw 3 of its levels.

You collected 58 gold pieces.

Inventory:

Hand Weapons
 a - a +0 war axe (weapon)
Armour
 b - a +0 scale mail (worn)
 c - a +0 shield (worn)
 p - a +0 helmet (worn)
Jewellery
 g - a ring of magical power (left hand)
 w - a cursed amulet of clarity {unknown}
Scrolls
 h - a scroll of magic mapping {unknown}
 j - a scroll of random uselessness {unknown}
 l - 2 scrolls of remove curse {unknown}
 m - a scroll of recharging {unknown}
 n - 3 scrolls of identify {unknown}
 r - a scroll of blinking {unknown}
 s - a scroll of fear {unknown}
Potions
 d - a potion of might
 f - 2 potions of flight {unknown}
 i - a potion of magic {unknown}
 o - 2 potions of beneficial mutation {unknown}
 q - a potion of haste {unknown}
 v - a potion of curing {unknown}
Comestibles
 e - 2 bread rations
 k - a meat ration
 t - 2 fruits
 u - 2 chunks of flesh


   Skills:
 * Level 3.5 Fighting
 * Level 2.3 Axes
 * Level 3.2 Armour
 * Level 3.2 Shields


You had 2 spell levels left.
You didn't know any spells.

Dungeon Overview and Level Annotations

Branches:
Dungeon (3/15)

Altars:
The Shining One


Innate Abilities, Weirdness & Mutations

You are partially covered in slimy green scales (AC +2).


Message History

You block the orc priest's attack. The orc hits you but does no damage.
The orc priest hits you but does no damage.
The orc hits you but does no damage. x2
You closely miss the orc priest. You barely miss the orc.
You block the orc's attack. The orc closely misses you.
The orc priest hits you but does no damage.
Your shield and scale mail prevent you from hitting the orc priest.
You barely miss the orc. x2
You block the orc's attack. The orc barely misses you.
The orc priest calls down the wrath of Beogh upon you.
Pain shoots through your body!
* * * LOW HITPOINT WARNING * * *
The orc hits you but does no damage.
You slash the orc priest!
The orc priest is heavily wounded.
Your shield and scale mail prevent you from hitting the orc.
You closely miss the orc. The orc hits you but does no damage.
The orc priest calls down the wrath of Beogh upon you.
Something smites you!
You die...

. #.# #.≈≈≈≈≈≈≈≈.
[..####.####≈≈♣♣♣♣♣PPP
............P≈♣♣
.....#..##..P≈≈♣ ♣♣
..## #..##...P≈♣≈≈♣
#####...P≈P≈P≈P
######......P...
###............P...
#....oo@...........
#....soo...........
#......o...........
#.................
#.........######.
#.........#
#.....PP.P#
.....≈≈≈≈P#


You could see an orc priest, 4 orcs and a giant cockroach.

Vanquished Creatures
  Robin (D:2)
  An adder (D:2)
  2 giant geckos (D:1)
  A ball python (D:1)
  11 goblins
  8 hobgoblins
  5 kobolds
  A quokka (D:2)
  6 bats
  A giant newt (D:3)
  4 jackals (D:3)
  4 rats (D:1)
45 creatures vanquished.

Notes
Turn   | Place    | Note
--------------------------------------------------------------
     0 | D:1      | JudasIscariot the Demonspawn Fighter began the quest for the Orb.
     0 | D:1      | Reached XP level 1. HP: 18/18 MP: 1/1
   407 | D:1      | Gained mutation: You are partially covered in slimy green scales (AC +2). [demonic ancestry]
   407 | D:1      | Reached XP level 2. HP: 18/24 MP: 2/2
  1337 | D:2      | Noticed Robin
  1339 | D:2      | Reached XP level 3. HP: 29/29 MP: 3/3
  1352 | D:2      | Killed Robin
  1495 | D:2      | Found a glowing golden altar of the Shining One.
  2152 | D:3      | Killed from afar by an orc priest

Action                   || total
-------------------------++-------
Melee: War axe           ||   136
  Eat: Chunk             ||     4
